Workbook

Sheet planilha EEE ORC. JD PARAÍSO
A1: PLANILHA ORÇAMENTÁRIA REDES DE INTERLIGAÇÃO E NOVA EEEB PARAÍSO - SERTÃOZINHO/SP
A2: ITEM | G2: S/ BDI | H2: BDI conforme acórdão 2369/2011 | J2: C/ BDI
A3: A | B3: =B11 -> SERVIÇOS GERAIS | G3: =G11 -> 0 | J3: =J11 -> 0 | P3: ADM | Q3: =#REF!/J7 -> #REF! | R3: <3%
A4: B | B4: =B21 -> REDES DE INTERLIGAÇÃO ENTRE O SISTEMA EXISTENTE E A NOVA EEEB | G4: =G21 -> 0 | J4: =J21 -> 0 | P4: PROJTEC | Q4: =#REF!/#REF! -> #REF! | R4: >2,5%
A5: C | B5: =B66 -> ESTAÇÃO ELEVATÓRIA DE ESGOTO BRUTO JARDIM PARAÍSO | G5: =G66 -> 0 | J5: =J66 -> 0 | P5: PROJTEC | Q5: =#REF!/#REF! -> #REF! | R5: >2,5%
A6: D | B6: =B425 -> LINHA DE RECALQUE ENTRE A EEEB NOVA E A EEEB ANTIGA | G6: =G425 -> 0 | J6: =J425 -> 0 | P6: PROJTEC | Q6: =#REF!/#REF! -> #REF! | R6: >2,5%
B7: TOTAL DA OBRA | G7: =SUM(G3:G6) -> 0 | J7: =SUM(J3:J6) -> 0 | K7: BOTA FORA | L7: 6 | M7: KM
A8: DATA BASE: SINAPI OUT/2019 e CPOS 176 | F8: BDI - MATERIAL | G8: 0.1785 | K8: USINA DE ASFALTO | L8: 25 | M8: KM
F9: BDI - SERVIÇOS | G9: 0.2334 | K9: JAZIDA | L9: 8 | M9: KM | Q9: =#REF!*2.5% -> #REF!
A10: ITEM | B10: DESCRIÇÃO | C10: CÓDIGO | D10: UNID. | E10: QTDE. | F10: CUSTO UNITÁRIO (SEM BDI) - R$ | G10: CUSTO TOTAL R$ | H10: % BDI | I10: PREÇO UNITÁRIO C/ BDI (R$) | J10: PREÇO TOTAL C/ BDI (R$) | K10: MATERIAL TUBULAR OU EQUIP. ESPECIAL | Q10: =Q9/1.294 -> #REF!
A11: A | B11: SERVIÇOS GERAIS | G11: =SUM(G12) -> 0 | J11: =SUM(J12) -> 0 | Q11: 1860836.2
A12: 1 | B12: SERVIÇOS GERAIS | G12: =SUM(G20) -> 0 | J12: =SUM(J20) -> 0 | Q12: =Q11-J7 -> 1860836.2
A13: 1.1 | B13: GERAL
A14: 1.1.1 | B14: =VLOOKUP(C14,'SINAPI OUT19+CPOS176'!$A$2:$C$95560,3, 0) -> LOCACAO DE CONTAINER 2,30 X 6,00 M, ALT. 2,50 M, COM 1 SANITARIO, PARA ESCRITORIO, COMPLETO, SEM DIVISORIAS INTERNAS | C14: 10775 | D14: =VLOOKUP(C14,'SINAPI OUT19+CPOS176'!$A$2:$D$95560,4, 0) -> MES | E14: 5 | G14: =ROUND(E14*F14,2) -> 0 | H14: =IF(K14="",$G$9,$G$8) -> 0.2334 | I14: =ROUND(F14*H14+F14,2) -> 0 | J14: =ROUND(E14*I14,2) -> 0
A15: 1.1.2 | B15: =VLOOKUP(C15,'SINAPI OUT19+CPOS176'!$A$2:$C$95560,3, 0) -> LOCACAO DE CONTAINER 2,30 X 6,00 M, ALT. 2,50 M, PARA ESCRITORIO, SEM DIVISORIAS INTERNAS E SEM SANITARIO | C15: 10776 | D15: =VLOOKUP(C15,'SINAPI OUT19+CPOS176'!$A$2:$D$95560,4, 0) -> MES | E15: 5 | G15: =ROUND(E15*F15,2) -> 0 | H15: =IF(K15="",$G$9,$G$8) -> 0.2334 | I15: =ROUND(F15*H15+F15,2) -> 0 | J15: =ROUND(E15*I15,2) -> 0
A16: 1.1.3 | B16: =VLOOKUP(C16,'SINAPI OUT19+CPOS176'!$A$2:$C$95560,3, 0) -> ENTRADA PROVISORIA DE ENERGIA ELETRICA AEREA TRIFASICA 40A EM POSTE MADEIRA | C16: 41598 | D16: =VLOOKUP(C16,'SINAPI OUT19+CPOS176'!$A$2:$D$95560,4, 0) -> UN | E16: 1 | G16: =ROUND(E16*F16,2) -> 0 | H16: =IF(K16="",$G$9,$G$8) -> 0.2334 | I16: =ROUND(F16*H16+F16,2) -> 0 | J16: =ROUND(E16*I16,2) -> 0
A17: 1.1.4 | B17: =VLOOKUP(C17,'SINAPI OUT19+CPOS176'!$A$2:$C$95560,3, 0) -> LIGACAO DA REDE 50MM AO RAMAL PREDIAL 1/2" | C17: 83878 | D17: =VLOOKUP(C17,'SINAPI OUT19+CPOS176'!$A$2:$D$95560,4, 0) -> UN | E17: 1 | G17: =ROUND(E17*F17,2) -> 0 | H17: =IF(K17="",$G$9,$G$8) -> 0.2334 | I17: =ROUND(F17*H17+F17,2) -> 0 | J17: =ROUND(E17*I17,2) -> 0
A18: 1.1.5 | B18: =VLOOKUP(C18,'SINAPI OUT19+CPOS176'!$A$2:$C$95560,3, 0) -> LIGAÇÃO DOMICILIAR DE ESGOTO DN 100MM, DA CASA ATÉ A CAIXA, COMPOSTO POR 10,0M TUBO DE PVC ESGOTO PREDIAL DN 100MM E CAIXA DE ALVENARIA COM TAMPA DE CONCRETO - FORNECIMENTO E INSTALAÇÃO | C18: 73658 | D18: =VLOOKUP(C18,'SINAPI OUT19+CPOS176'!$A$2:$D$95560,4, 0) -> UN | E18: 1 | G18: =ROUND(E18*F18,2) -> 0 | H18: =IF(K18="",$G$9,$G$8) -> 0.2334 | I18: =ROUND(F18*H18+F18,2) -> 0 | J18: =ROUND(E18*I18,2) -> 0
A19: 1.1.6 | B19: =VLOOKUP(C19,'SINAPI OUT19+CPOS176'!$A$2:$C$95560,3, 0) -> PLACA DE OBRA EM CHAPA DE ACO GALVANIZADO | C19: 74209/1 | D19: =VLOOKUP(C19,'SINAPI OUT19+CPOS176'!$A$2:$D$95560,4, 0) -> M2 | E19: 6 | G19: =ROUND(E19*F19,2) -> 0 | H19: =IF(K19="",$G$9,$G$8) -> 0.2334 | I19: =ROUND(F19*H19+F19,2) -> 0 | J19: =ROUND(E19*I19,2) -> 0
B20: SUB-TOTAL | G20: =SUM(G14:G19) -> 0 | J20: =SUM(J14:J19) -> 0
A21: B | B21: REDES DE INTERLIGAÇÃO ENTRE O SISTEMA EXISTENTE E A NOVA EEEB | G21: =G22 -> 0 | J21: =J22 -> 0
A22: 2 | B22: REDES DE INTERLIGAÇÃO ENTRE O SISTEMA EXISTENTE E A NOVA EEEB | G22: =G30+G37+G45+G50+G53+G61+G65 -> 0 | J22: =J30+J37+J45+J50+J53+J61+J65 -> 0
A23: 2.1 | B23: SERVIÇOS PRELIMINARES
A24: 2.1.1 | B24: =VLOOKUP(C24,'SINAPI OUT19+CPOS176'!$A$2:$C$95560,3, 0) -> DEMOLIÇÃO DE PAVIMENTAÇÃO ASFÁLTICA COM UTILIZAÇÃO DE MARTELO PERFURADOR, ESPESSURA ATÉ 15 CM, EXCLUSIVE CARGA E TRANSPORTE | C24: 92970 | D24: =VLOOKUP(C24,'SINAPI OUT19+CPOS176'!$A$2:$D$95560,4, 0) -> M2 | E24: 111.06 | G24: =ROUND(E24*F24,2) -> 0 | H24: =IF(K24="",$G$9,$G$8) -> 0.2334 | I24: =ROUND(F24*H24+F24,2) -> 0 | J24: =ROUND(E24*I24,2) -> 0 | L24: COMPRIMENTO DE COLETOR A SER EXECUTADO NO TRECHO COM ASFALTO EXISTENTE * 2 m DE LARGURA
A25: 2.1.2 | B25: =VLOOKUP(C25,'SINAPI OUT19+CPOS176'!$A$2:$C$95560,3, 0) -> CARGA E DESCARGA MECANIZADAS DE ENTULHO EM CAMINHAO BASCULANTE 6 M3 | C25: 72898 | D25: =VLOOKUP(C25,'SINAPI OUT19+CPOS176'!$A$2:$D$95560,4, 0) -> M3 | E25: =E24*0.15 -> 16.659 | G25: =ROUND(E25*F25,2) -> 0 | H25: =IF(K25="",$G$9,$G$8) -> 0.2334 | I25: =ROUND(F25*H25+F25,2) -> 0 | J25: =ROUND(E25*I25,2) -> 0 | L25: ÁREA TOTAL DEMOLIDA * 15 CM DE ESPESSURA
A26: 2.1.3 | B26: =VLOOKUP(C26,'SINAPI OUT19+CPOS176'!$A$2:$C$95560,3, 0) -> TRANSPORTE DE PAVIMENTACAO REMOVIDA (RODOVIAS NAO URBANAS) | C26: 83358 | D26: =VLOOKUP(C26,'SINAPI OUT19+CPOS176'!$A$2:$D$95560,4, 0) -> M3XKM | E26: =E25*L7 -> 99.954 | G26: =ROUND(E26*F26,2) -> 0 | H26: =IF(K26="",$G$9,$G$8) -> 0.2334 | I26: =ROUND(F26*H26+F26,2) -> 0 | J26: =ROUND(E26*I26,2) -> 0 | L26: VOLUME TOTAL DEMOLIDO * DISTANCIA DO BOTA-FORA
A27: 2.1.4 | B27: =VLOOKUP(C27,'SINAPI OUT19+CPOS176'!$A$2:$C$95560,3, 0) -> LIMPEZA MECANIZADA DE TERRENO COM REMOCAO DE CAMADA VEGETAL, UTILIZANDO MOTONIVELADORA | C27: 73822/2 | D27: =VLOOKUP(C27,'SINAPI OUT19+CPOS176'!$A$2:$D$95560,4, 0) -> M2 | E27: 915.5 | G27: =ROUND(E27*F27,2) -> 0 | H27: =IF(K27="",$G$9,$G$8) -> 0.2334 | I27: =ROUND(F27*H27+F27,2) -> 0 | J27: =ROUND(E27*I27,2) -> 0 | L27: COMPRIMENTO TOTAL DO COLETOR - COMPRIMENTO SOB O ASFALTO EXISTENTE * 3 m DE LARGURA
A28: 2.1.5 | B28: =VLOOKUP(C28,'SINAPI OUT19+CPOS176'!$A$2:$C$95560,3, 0) -> ESPALHAMENTO DE MATERIAL EM BOTA FORA, COM UTILIZACAO DE TRATOR DE ESTEIRAS DE 165 HP | C28: 83344 | D28: =VLOOKUP(C28,'SINAPI OUT19+CPOS176'!$A$2:$D$95560,4, 0) -> M3 | E28: =E27*0.25 -> 228.875 | G28: =ROUND(E28*F28,2) -> 0 | H28: =IF(K28="",$G$9,$G$8) -> 0.2334 | I28: =ROUND(F28*H28+F28,2) -> 0 | J28: =ROUND(E28*I28,2) -> 0 | L28: VOLUME TOTAL DEMOLIDO
A29: 2.1.6 | B29: =VLOOKUP(C29,'SINAPI OUT19+CPOS176'!$A$2:$C$95560,3, 0) -> LOCAÇÃO DE REDE DE ÁGUA OU ESGOTO. AF_10/2018 | C29: 99063 | D29: =VLOOKUP(C29,'SINAPI OUT19+CPOS176'!$A$2:$D$95560,4, 0) -> M | E29: 281.7 | G29: =ROUND(E29*F29,2) -> 0 | H29: =IF(K29="",$G$9,$G$8) -> 0.2334 | I29: =ROUND(F29*H29+F29,2) -> 0 | J29: =ROUND(E29*I29,2) -> 0 | L29: COMPRIMENTO TOTAL DO COLETOR
B30: SUB-TOTAL | G30: =SUM(G24:G29) -> 0 | J30: =SUM(J24:J29) -> 0
A31: 2.2 | B31: RECONSTITUIÇÃO DE ASFALTO
A32: 2.2.1 | B32: =VLOOKUP(C32,'SINAPI OUT19+CPOS176'!$A$2:$C$95560,3, 0) -> EXECUÇÃO E COMPACTAÇÃO DE BASE E OU SUB BASE COM BRITA GRADUADA SIMPLES - EXCLUSIVE CARGA E TRANSPORTE. AF_09/2017 | C32: 96396 | D32: =VLOOKUP(C32,'SINAPI OUT19+CPOS176'!$A$2:$D$95560,4, 0) -> M3 | E32: =E24*0.15 -> 16.659 | G32: =ROUND(E32*F32,2) -> 0 | H32: =IF(K32="",$G$9,$G$8) -> 0.2334 | I32: =ROUND(F32*H32+F32,2) -> 0 | J32: =ROUND(E32*I32,2) -> 0 | L32: ÁREA TOTAL DEMOLIDA * 15 cm DE ESPESSURA DE RECONSTITUIÇÃO
A33: 2.2.2 | B33: =VLOOKUP(C33,'SINAPI OUT19+CPOS176'!$A$2:$C$95560,3, 0) -> TRANSPORTE COMERCIAL DE BRITA | C33: 83356 | D33: =VLOOKUP(C33,'SINAPI OUT19+CPOS176'!$A$2:$D$95560,4, 0) -> M3XKM | E33: =E32*L9 -> 133.272 | G33: =ROUND(E33*F33,2) -> 0 | H33: =IF(K33="",$G$9,$G$8) -> 0.2334 | I33: =ROUND(F33*H33+F33,2) -> 0 | J33: =ROUND(E33*I33,2) -> 0 | L33: VOLUME RECONSTITUÍDO x DISTÂNCIA A PARTIR DA JAZIDA
A34: 2.2.3 | B34: =VLOOKUP(C34,'SINAPI OUT19+CPOS176'!$A$2:$C$95560,3, 0) -> Camada de rolamento em concreto betuminoso usinado quente - CBUQ | C34: 54.03.210 | D34: =VLOOKUP(C34,'SINAPI OUT19+CPOS176'!$A$2:$D$95560,4, 0) -> m³ | E34: 10 | G34: =ROUND(E34*F34,2) -> 0 | H34: =IF(K34="",$G$9,$G$8) -> 0.2334 | I34: =ROUND(F34*H34+F34,2) -> 0 | J34: =ROUND(E34*I34,2) -> 0 | L34: ÁREA TOTAL DEMOLIDA * 5 cm DE ESPESSURA DA CAPA
A35: 2.2.4 | B35: =VLOOKUP(C35,'SINAPI OUT19+CPOS176'!$A$2:$C$95560,3, 0) -> EXECUÇÃO DE IMPRIMAÇÃO COM ASFALTO DILUÍDO CM-30. AF_09/2017 | C35: 96401 | D35: =VLOOKUP(C35,'SINAPI OUT19+CPOS176'!$A$2:$D$95560,4, 0) -> M2 | E35: 400 | G35: =ROUND(E35*F35,2) -> 0 | H35: =IF(K35="",$G$9,$G$8) -> 0.2334 | I35: =ROUND(F35*H35+F35,2) -> 0 | J35: =ROUND(E35*I35,2) -> 0 | L35: ÁREA TOTAL RECONSTITUIDA
A36: 2.2.5 | B36: =VLOOKUP(C36,'SINAPI OUT19+CPOS176'!$A$2:$C$95560,3, 0) -> PINTURA DE LIGACAO COM EMULSAO RR-2C | C36: 72943 | D36: =VLOOKUP(C36,'SINAPI OUT19+CPOS176'!$A$2:$D$95560,4, 0) -> M2 | E36: 400 | G36: =ROUND(E36*F36,2) -> 0 | H36: =IF(K36="",$G$9,$G$8) -> 0.2334 | I36: =ROUND(F36*H36+F36,2) -> 0 | J36: =ROUND(E36*I36,2) -> 0 | L36: ÁREA TOTAL RECONSTITUIDA
B37: SUB-TOTAL | G37: =SUM(G32:G36) -> 0 | J37: =SUM(J32:J36) -> 0
A38: 2.3 | B38: MOVIMENTO DE TERRA
A39: 2.3.1 | B39: =VLOOKUP(C39,'SINAPI OUT19+CPOS176'!$A$2:$C$95560,3, 0) -> ESCAVAÇÃO MECANIZADA DE VALA COM PROF. MAIOR QUE 3,0 M ATÉ 4,5 M(MÉDIA ENTRE MONTANTE E JUSANTE/UMA COMPOSIÇÃO POR TRECHO), COM ESCAVADEIRA HIDRÁULICA (0,8 M3/111 HP), LARG. MENOR QUE 1,5 M, EM SOLO DE 1A CATEGORIA, EM LOCAIS COM ALTO NÍVEL DE INTERFERÊNCIA. AF_01/2015 | C39: 90086 | D39: =VLOOKUP(C39,'SINAPI OUT19+CPOS176'!$A$2:$D$95560,4, 0) -> M3 | E39: =E29*2*1.2 -> 676.08 | G39: =ROUND(E39*F39,2) -> 0 | H39: =IF(K39="",$G$9,$G$8) -> 0.2334 | I39: =ROUND(F39*H39+F39,2) -> 0 | J39: =ROUND(E39*I39,2) -> 0 | L39: COMPRIMENTO TOTAL DO COLETOR * ALTURA MÉDIA DA VALA * LARGURA DA VALA
A40: 2.3.2 | B40: =VLOOKUP(C40,'SINAPI OUT19+CPOS176'!$A$2:$C$95560,3, 0) -> REATERRO MANUAL DE VALAS COM COMPACTAÇÃO MECANIZADA. AF_04/2016 | C40: 93382 | D40: =VLOOKUP(C40,'SINAPI OUT19+CPOS176'!$A$2:$D$95560,4, 0) -> M3 | E40: =E39*0.15 -> 101.412 | G40: =ROUND(E40*F40,2) -> 0 | H40: =IF(K40="",$G$9,$G$8) -> 0.2334 | I40: =ROUND(F40*H40+F40,2) -> 0 | J40: =ROUND(E40*I40,2) -> 0 | L40: PARCELA DE REATERRO MANUAL ACIMA DA TUBULAÇÃO (15 cm) COM COMPACTAÇÃO MECANIZADA
A41: 2.3.3 | B41: =VLOOKUP(C41,'SINAPI OUT19+CPOS176'!$A$2:$C$95560,3, 0) -> REATERRO MECANIZADO DE VALA COM ESCAVADEIRA HIDRÁULICA (CAPACIDADE DA CAÇAMBA: 0,8 M³ / POTÊNCIA: 111 HP), LARGURA ATÉ 1,5 M, PROFUNDIDADE DE 3,0 A 4,5 M, COM SOLO DE 1ª CATEGORIA EM LOCAIS COM BAIXO NÍVEL DE INTERFERÊNCIA. AF_04/2016 | C41: 93370 | D41: =VLOOKUP(C41,'SINAPI OUT19+CPOS176'!$A$2:$D$95560,4, 0) -> M3 | E41: =E39-E40-(E29*(PI()*(0.3^2))/4) -> 554.7558 | G41: =ROUND(E41*F41,2) -> 0 | H41: =IF(K41="",$G$9,$G$8) -> 0.2334 | I41: =ROUND(F41*H41+F41,2) -> 0 | J41: =ROUND(E41*I41,2) -> 0 | L41: REATERRO ACIMA DA TUBULAÇÃO DESCONTANDO-SE LASTROS E EMBASAMENTO
A42: 2.3.4 | B42: =VLOOKUP(C42,'SINAPI OUT19+CPOS176'!$A$2:$C$95560,3, 0) -> CARGA E DESCARGA MECANICA DE SOLO UTILIZANDO CAMINHAO BASCULANTE 6,0M3/16T E PA CARREGADEIRA SOBRE PNEUS 128 HP, CAPACIDADE DA CAÇAMBA 1,7 A 2,8 M3, PESO OPERACIONAL 11632 KG | C42: 74010/1 | D42: =VLOOKUP(C42,'SINAPI OUT19+CPOS176'!$A$2:$D$95560,4, 0) -> M3 | E42: =E39-E40-E41 -> 19.9122 | G42: =ROUND(E42*F42,2) -> 0 | H42: =IF(K42="",$G$9,$G$8) -> 0.2334 | I42: =ROUND(F42*H42+F42,2) -> 0 | J42: =ROUND(E42*I42,2) -> 0 | L42: TOTAL ESCAVADO MENOS O TOTAL REATERRADO
A43: 2.3.5 | B43: =VLOOKUP(C43,'SINAPI OUT19+CPOS176'!$A$2:$C$95560,3, 0) -> TRANSPORTE COM CAMINHÃO BASCULANTE DE 6 M3, EM VIA URBANA PAVIMENTADA, DMT ACIMA DE 30 KM (UNIDADE: M3XKM). AF_01/2018 | C43: 97915 | D43: =VLOOKUP(C43,'SINAPI OUT19+CPOS176'!$A$2:$D$95560,4, 0) -> M3XKM | E43: =E42*L7 -> 119.4732 | G43: =ROUND(E43*F43,2) -> 0 | H43: =IF(K43="",$G$9,$G$8) -> 0.2334 | I43: =ROUND(F43*H43+F43,2) -> 0 | J43: =ROUND(E43*I43,2) -> 0 | L43: TOTAL CARREGADO * DISTANCIA DO BOTA FORA
A44: 2.3.6 | B44: =VLOOKUP(C44,'SINAPI OUT19+CPOS176'!$A$2:$C$95560,3, 0) -> ESPALHAMENTO DE MATERIAL EM BOTA FORA, COM UTILIZACAO DE TRATOR DE ESTEIRAS DE 165 HP | C44: 83344 | D44: =VLOOKUP(C44,'SINAPI OUT19+CPOS176'!$A$2:$D$95560,4, 0) -> M3 | E44: =E42 -> 19.9122 | G44: =ROUND(E44*F44,2) -> 0 | H44: =IF(K44="",$G$9,$G$8) -> 0.2334 | I44: =ROUND(F44*H44+F44,2) -> 0 | J44: =ROUND(E44*I44,2) -> 0 | L44: TOTAL CARREGADO
B45: SUB-TOTAL | G45: =SUM(G39:G44) -> 0 | J45: =SUM(J39:J44) -> 0
A46: 2.4 | B46: EMBASAMENTO
A47: 2.4.1 | B47: =VLOOKUP(C47,'SINAPI OUT19+CPOS176'!$A$2:$C$95560,3, 0) -> AREIA PARA ATERRO - POSTO JAZIDA/FORNECEDOR (RETIRADO NA JAZIDA, SEM TRANSPORTE) | C47: 368 | D47: =VLOOKUP(C47,'SINAPI OUT19+CPOS176'!$A$2:$D$95560,4, 0) -> M3 | E47: =E29*0.05 -> 14.085 | G47: =ROUND(E47*F47,2) -> 0 | H47: =IF(K47="",$G$9,$G$8) -> 0.2334 | I47: =ROUND(F47*H47+F47,2) -> 0 | J47: =ROUND(E47*I47,2) -> 0
A48: 2.4.2 | B48: =VLOOKUP(C48,'SINAPI OUT19+CPOS176'!$A$2:$C$95560,3, 0) -> CARGA E DESCARGA MECANICA DE SOLO UTILIZANDO CAMINHAO BASCULANTE 6,0M3/16T E PA CARREGADEIRA SOBRE PNEUS 128 HP, CAPACIDADE DA CAÇAMBA 1,7 A 2,8 M3, PESO OPERACIONAL 11632 KG | C48: 74010/1 | D48: =VLOOKUP(C48,'SINAPI OUT19+CPOS176'!$A$2:$D$95560,4, 0) -> M3 | E48: =E47 -> 14.085 | G48: =ROUND(E48*F48,2) -> 0 | H48: =IF(K48="",$G$9,$G$8) -> 0.2334 | I48: =ROUND(F48*H48+F48,2) -> 0 | J48: =ROUND(E48*I48,2) -> 0 | L48: TOTAL DE AREIA CARREGADO NA JAZIDA (ESP = 5 cm)
A49: 2.4.3 | B49: =VLOOKUP(C49,'SINAPI OUT19+CPOS176'!$A$2:$C$95560,3, 0) -> TRANSPORTE COM CAMINHÃO BASCULANTE DE 6 M3, EM VIA URBANA PAVIMENTADA, DMT ATÉ 30 KM (UNIDADE: M3XKM). AF_01/2018 | C49: 97914 | D49: =VLOOKUP(C49,'SINAPI OUT19+CPOS176'!$A$2:$D$95560,4, 0) -> M3XKM | E49: =E48*L9 -> 112.68 | G49: =ROUND(E49*F49,2) -> 0 | H49: =IF(K49="",$G$9,$G$8) -> 0.2334 | I49: =ROUND(F49*H49+F49,2) -> 0 | J49: =ROUND(E49*I49,2) -> 0 | L49: TOTAL CARREGADO * DISTÂNCIA A PARTIR DA JAZIDA
B50: SUB-TOTAL | G50: =SUM(G47:G49) -> 0 | J50: =SUM(J47:J49) -> 0
A51: 2.5 | B51: ESCORAMENTO
A52: 2.5.1 | B52: =VLOOKUP(C52,'SINAPI OUT19+CPOS176'!$A$2:$C$95560,3, 0) -> ESCORAMENTO DE VALA, TIPO DESCONTÍNUO, COM PROFUNDIDADE DE 3,0 A 4,5 M, LARGURA MAIOR OU IGUAL A 1,5 E MENOR QUE 2,5 M, EM LOCAL COM NÍVEL BAIXO DE INTERFERÊNCIA. AF_06/2016 | C52: 94060 | D52: =VLOOKUP(C52,'SINAPI OUT19+CPOS176'!$A$2:$D$95560,4, 0) -> M2 | E52: 756 | G52: =ROUND(E52*F52,2) -> 0 | H52: =IF(K52="",$G$9,$G$8) -> 0.2334 | I52: =ROUND(F52*H52+F52,2) -> 0 | J52: =ROUND(E52*I52,2) -> 0 | L52: COMPRIMENTO TOTAL DO COLETOR * PROFUNDIDADE MÉDIA DA VALA (2,0 m) * 2 LADOS DA VALA
B53: SUB-TOTAL | G53: =SUM(G52:G52) -> 0 | J53: =SUM(J52) -> 0
A54: 2.6 | B54: HIDRÁULICA
A55: 2.6.1 | B55: =VLOOKUP(C55,'SINAPI OUT19+CPOS176'!$A$2:$C$95560,3, 0) -> Tubo PVC rígido, tipo Coletor Esgoto, junta elástica, DN= 250 mm, inclusive conexões | C55: 46.05.060 | D55: =VLOOKUP(C55,'SINAPI OUT19+CPOS176'!$A$2:$D$95560,4, 0) -> m | E55: 190.2 | G55: =ROUND(E55*F55,2) -> 0 | H55: =IF(K55="",$G$9,$G$8) -> 0.1785 | I55: =ROUND(F55*H55+F55,2) -> 0 | J55: =ROUND(E55*I55,2) -> 0 | K55: * | L55: COMPRIMENTO TOTAL DO COLETOR DN 250
A56: 2.6.2 | B56: =VLOOKUP(C56,'SINAPI OUT19+CPOS176'!$A$2:$C$95560,3, 0) -> Tubo PVC rígido, tipo Coletor Esgoto, junta elástica, DN= 300 mm, inclusive conexões | C56: 46.05.070 | D56: =VLOOKUP(C56,'SINAPI OUT19+CPOS176'!$A$2:$D$95560,4, 0) -> m | E56: 76.5 | G56: =ROUND(E56*F56,2) -> 0 | H56: =IF(K56="",$G$9,$G$8) -> 0.1785 | I56: =ROUND(F56*H56+F56,2) -> 0 | J56: =ROUND(E56*I56,2) -> 0 | K56: * | L56: COMPRIMENTO TOTAL DO COLETOR DN 300
A57: 2.6.3 | B57: =VLOOKUP(C57,'SINAPI OUT19+CPOS176'!$A$2:$C$95560,3, 0) -> Tubo de concreto (PA-2), DN= 600mm | C57: 46.12.150 | D57: =VLOOKUP(C57,'SINAPI OUT19+CPOS176'!$A$2:$D$95560,4, 0) -> m | E57: 15 | G57: =ROUND(E57*F57,2) -> 0 | H57: =IF(K57="",$G$9,$G$8) -> 0.1785 | I57: =ROUND(F57*H57+F57,2) -> 0 | J57: =ROUND(E57*I57,2) -> 0 | K57: * | L57: COMPRIMENTO TOTAL DO COLETOR DN 600
A58: 2.6.4 | B58: ASSENTAMENTO DE TUBO DE CONCRETO PARA REDES COLETORAS DE ESGOTO SANITÁRIO, DIÂMETRO DE 250 MM, JUNTA ELÁSTICA, INSTALADO EM LOCAL COM BAIXO NÍVEL DE INTERFERÊNCIAS (NÃO INCLUI FORNECIMENTO). AF_12/2015 | C58: 92834 | D58: =VLOOKUP(C58,'SINAPI OUT19+CPOS176'!$A$2:$D$95560,4, 0) -> M | E58: =E55 -> 190.2 | G58: =ROUND(E58*F58,2) -> 0 | H58: =IF(K58="",$G$9,$G$8) -> 0.2334 | I58: =ROUND(F58*H58+F58,2) -> 0 | J58: =ROUND(E58*I58,2) -> 0 | L58: COMPRIMENTO TOTAL DO COLETOR DN 250
A59: 2.6.5 | B59: =VLOOKUP(C59,'SINAPI OUT19+CPOS176'!$A$2:$C$95560,3, 0) -> ASSENTAMENTO DE TUBO DE CONCRETO PARA REDES COLETORAS DE ESGOTO SANITÁRIO, DIÂMETRO DE 300 MM, JUNTA ELÁSTICA, INSTALADO EM LOCAL COM BAIXO NÍVEL DE INTERFERÊNCIAS (NÃO INCLUI FORNECIMENTO). AF_12/2015 | C59: 92834 | D59: =VLOOKUP(C59,'SINAPI OUT19+CPOS176'!$A$2:$D$95560,4, 0) -> M | E59: =E56 -> 76.5 | G59: =ROUND(E59*F59,2) -> 0 | H59: =IF(K59="",$G$9,$G$8) -> 0.2334 | I59: =ROUND(F59*H59+F59,2) -> 0 | J59: =ROUND(E59*I59,2) -> 0 | L59: COMPRIMENTO TOTAL DO COLETOR DN 300
A60: 2.6.6 | B60: =VLOOKUP(C60,'SINAPI OUT19+CPOS176'!$A$2:$C$95560,3, 0) -> Assentamento de tubo de concreto com diâmetro até 600 mm | C60: 46.20.010 | D60: =VLOOKUP(C60,'SINAPI OUT19+CPOS176'!$A$2:$D$95560,4, 0) -> m | E60: =E57 -> 15 | G60: =ROUND(E60*F60,2) -> 0 | H60: =IF(K60="",$G$9,$G$8) -> 0.2334 | I60: =ROUND(F60*H60+F60,2) -> 0 | J60: =ROUND(E60*I60,2) -> 0 | L60: COMPRIMENTO TOTAL DO COLETOR DN 600
B61: SUB-TOTAL | G61: =SUM(G55:G60) -> 0 | J61: =SUM(J55:J60) -> 0
A62: 2.7 | B62: PV's
A63: 2.7.1 | B63: =VLOOKUP(C63,'SINAPI OUT19+CPOS176'!$A$2:$C$95560,3, 0) -> (COMPOSIÇÃO REPRESENTATIVA) POÇO DE VISITA CIRCULAR PARA ESGOTO, EM ALVENARIA COM TIJOLOS CERÂMICOS MACIÇOS, DIÂMETRO INTERNO = 1,2 M, PROFUNDIDADE DE 2,00 A 2,50 M, INCLUINDO TAMPÃO DE FERRO FUNDIDO, DIÂMETRO DE 60 CM. AF_04/2018 | C63: 98432 | D63: =VLOOKUP(C63,'SINAPI OUT19+CPOS176'!$A$2:$D$95560,4, 0) -> UN | E63: 2 | G63: =ROUND(E63*F63,2) -> 0 | H63: =IF(K63="",$G$9,$G$8) -> 0.2334 | I63: =ROUND(F63*H63+F63,2) -> 0 | J63: =ROUND(E63*I63,2) -> 0 | L63: TOTAL DE PVs DO COLETOR COM PROFUNDIDADE ENTRE 3,20 E 3,50
A64: 2.7.2 | B64: =VLOOKUP(C64,'SINAPI OUT19+CPOS176'!$A$2:$C$95560,3, 0) -> (COMPOSIÇÃO REPRESENTATIVA) POÇO DE VISITA CIRCULAR PARA ESGOTO, EM CONCRETO PRÉ-MOLDADO, DIÂMETRO INTERNO = 1,0 M, PROFUNDIDADE DE 3,00 A 3,50 M, INCLUINDO TAMPÃO DE FERRO FUNDIDO, DIÂMETRO DE 60 CM. AF_04/2018 | C64: 98424 | D64: =VLOOKUP(C64,'SINAPI OUT19+CPOS176'!$A$2:$D$95560,4, 0) -> UN | E64: 2 | G64: =ROUND(E64*F64,2) -> 0 | H64: =IF(K64="",$G$9,$G$8) -> 0.2334 | I64: =ROUND(F64*H64+F64,2) -> 0 | J64: =ROUND(E64*I64,2) -> 0 | L64: TOTAL DE PVs DO COLETOR COM PROFUNDIDADE ENTRE 3,20 E 3,50
B65: SUB-TOTAL | G65: =SUM(G63:G64) -> 0 | J65: =SUM(J63:J64) -> 0
A66: B | B66: ESTAÇÃO ELEVATÓRIA DE ESGOTO BRUTO JARDIM PARAÍSO | G66: =G67 -> 0 | J66: =J67 -> 0
A67: 3 | B67: ESTAÇÃO ELEVATÓRIA DE ESGOTO BRUTO JARDIM PARAÍSO | G67: =G71+G78+G82+G91+G100+G107+G115+G122+G138+G181+G239+G313+G332+G339+G354+G381+G387+G396+G408+G413+G416+G424 -> 0 | J67: =J71+J78+J82+J91+J100+J107+J115+J122+J138+J181+J239+J313+J332+J339+J354+J381+J387+J396+J408+J413+J416+J424 -> 0
A68: 3.1 | B68: SERVIÇOS PRELIMINARES
A69: 3.1.1 | B69: =VLOOKUP(C69,'SINAPI OUT19+CPOS176'!$A$2:$C$95560,3, 0) -> LIMPEZA MECANIZADA DE TERRENO COM REMOCAO DE CAMADA VEGETAL, UTILIZANDO MOTONIVELADORA | C69: 73822/2 | D69: =VLOOKUP(C69,'SINAPI OUT19+CPOS176'!$A$2:$D$95560,4, 0) -> M2 | E69: 720.4 | G69: =ROUND(E69*F69,2) -> 0 | H69: =IF(K69="",$G$9,$G$8) -> 0.2334 | I69: =ROUND(F69*H69+F69,2) -> 0 | J69: =ROUND(E69*I69,2) -> 0
A70: 3.1.2 | B70: =VLOOKUP(C70,'SINAPI OUT19+CPOS176'!$A$2:$C$95560,3, 0) -> LOCACAO CONVENCIONAL DE OBRA, UTILIZANDO GABARITO DE TÁBUAS CORRIDAS PONTALETADAS A CADA 2,00M - 2 UTILIZAÇÕES. AF_10/2018 | C70: 99059 | D70: =VLOOKUP(C70,'SINAPI OUT19+CPOS176'!$A$2:$D$95560,4, 0) -> M | E70: 70 | G70: =ROUND(E70*F70,2) -> 0 | H70: =IF(K70="",$G$9,$G$8) -> 0.2334 | I70: =ROUND(F70*H70+F70,2) -> 0 | J70: =ROUND(E70*I70,2) -> 0
B71: SUB-TOTAL | G71: =SUM(G69:G70) -> 0 | J71: =SUM(J69:J70) -> 0
A72: 3.2 | B72: MOVIMENTO DE TERRA
A73: 3.2.1 | B73: =VLOOKUP(C73,'SINAPI OUT19+CPOS176'!$A$2:$C$95560,3, 0) -> ESCAVACAO MECANICA, A CEU ABERTO, EM MATERIAL DE 1A CATEGORIA, COM ESCAVADEIRA HIDRAULICA, CAPACIDADE DE 0,78 M3 | C73: 83338 | D73: =VLOOKUP(C73,'SINAPI OUT19+CPOS176'!$A$2:$D$95560,4, 0) -> M3 | E73: =((227.91+137)/2)*6 -> 1094.73 | G73: =ROUND(E73*F73,2) -> 0 | H73: =IF(K73="",$G$9,$G$8) -> 0.2334 | I73: =ROUND(F73*H73+F73,2) -> 0 | J73: =ROUND(E73*I73,2) -> 0
A74: 3.2.2 | B74: =VLOOKUP(C74,'SINAPI OUT19+CPOS176'!$A$2:$C$95560,3, 0) -> REATERRO MECANIZADO DE VALA COM ESCAVADEIRA HIDRÁULICA (CAPACIDADE DA CAÇAMBA: 0,8 M³ / POTÊNCIA: 111 HP), LARGURA DE 1,5 A 2,5 M, PROFUNDIDADE DE 4,5 A 6,0 M, COM SOLO DE 1ª CATEGORIA EM LOCAIS COM ALTO NÍVEL DE INTERFERÊNCIA. AF_04/2016 | C74: 93366 | D74: =VLOOKUP(C74,'SINAPI OUT19+CPOS176'!$A$2:$D$95560,4, 0) -> M3 | E74: =((227.91-137)/2)*6 -> 272.73 | G74: =ROUND(E74*F74,2) -> 0 | H74: =IF(K74="",$G$9,$G$8) -> 0.2334 | I74: =ROUND(F74*H74+F74,2) -> 0 | J74: =ROUND(E74*I74,2) -> 0
A75: 3.2.3 | B75: =VLOOKUP(C75,'SINAPI OUT19+CPOS176'!$A$2:$C$95560,3, 0) -> CARGA E DESCARGA MECANICA DE SOLO UTILIZANDO CAMINHAO BASCULANTE 6,0M3/16T E PA CARREGADEIRA SOBRE PNEUS 128 HP, CAPACIDADE DA CAÇAMBA 1,7 A 2,8 M3, PESO OPERACIONAL 11632 KG | C75: 74010/1 | D75: =VLOOKUP(C75,'SINAPI OUT19+CPOS176'!$A$2:$D$95560,4, 0) -> M3 | E75: =E73-E74 -> 822 | G75: =ROUND(E75*F75,2) -> 0 | H75: =IF(K75="",$G$9,$G$8) -> 0.2334 | I75: =ROUND(F75*H75+F75,2) -> 0 | J75: =ROUND(E75*I75,2) -> 0
A76: 3.2.4 | B76: =VLOOKUP(C76,'SINAPI OUT19+CPOS176'!$A$2:$C$95560,3, 0) -> TRANSPORTE COM CAMINHÃO BASCULANTE DE 6 M3, EM VIA URBANA PAVIMENTADA, DMT ACIMA DE 30 KM (UNIDADE: M3XKM). AF_01/2018 | C76: 97915 | D76: =VLOOKUP(C76,'SINAPI OUT19+CPOS176'!$A$2:$D$95560,4, 0) -> M3XKM | E76: =E75*L7 -> 4932 | G76: =ROUND(E76*F76,2) -> 0 | H76: =IF(K76="",$G$9,$G$8) -> 0.2334 | I76: =ROUND(F76*H76+F76,2) -> 0 | J76: =ROUND(E76*I76,2) -> 0
A77: 3.2.5 | B77: =VLOOKUP(C77,'SINAPI OUT19+CPOS176'!$A$2:$C$95560,3, 0) -> ESPALHAMENTO DE MATERIAL EM BOTA FORA, COM UTILIZACAO DE TRATOR DE ESTEIRAS DE 165 HP | C77: 83344 | D77: =VLOOKUP(C77,'SINAPI OUT19+CPOS176'!$A$2:$D$95560,4, 0) -> M3 | E77: =E75 -> 822 | G77: =ROUND(E77*F77,2) -> 0 | H77: =IF(K77="",$G$9,$G$8) -> 0.2334 | I77: =ROUND(F77*H77+F77,2) -> 0 | J77: =ROUND(E77*I77,2) -> 0
B78: SUB-TOTAL | G78: =SUM(G73:G77) -> 0 | J78: =SUM(J73:J77) -> 0
A79: 3.3 | B79: ESGOTAMENTO
A80: 3.3.1 | B80: =VLOOKUP(C80,'SINAPI OUT19+CPOS176'!$A$2:$C$95560,3, 0) -> Taxa de mobilização e desmobilização de equipamentos para execução de rebaixamento de lençol freático | C80: 08.07.050 | D80: =VLOOKUP(C80,'SINAPI OUT19+CPOS176'!$A$2:$D$95560,4, 0) -> tx | E80: 1 | G80: =ROUND(E80*F80,2) -> 0 | H80: =IF(K80="",$G$9,$G$8) -> 0.2334 | I80: =ROUND(F80*H80+F80,2) -> 0 | J80: =ROUND(E80*I80,2) -> 0 | L80: 1,5 MESES DE OBRAS * BOMBEAMENTO DO LENÇOL 24 HORAS POR DIA.
A81: 3.3.2 | B81: =VLOOKUP(C81,'SINAPI OUT19+CPOS176'!$A$2:$C$95560,3, 0) -> Locação de conjunto de bombeamento a vácuo para rebaixamento de lençol freático, com até 50 ponteiras e potência até 15 HP, mínimo 30 dias | C81: 08.07.060 | D81: =VLOOKUP(C81,'SINAPI OUT19+CPOS176'!$A$2:$D$95560,4, 0) -> cjxdia | E81: 30 | G81: =ROUND(E81*F81,2) -> 0 | H81: =IF(K81="",$G$9,$G$8) -> 0.2334 | I81: =ROUND(F81*H81+F81,2) -> 0 | J81: =ROUND(E81*I81,2) -> 0 | L81: 1,5 MESES DE OBRAS * BOMBEAMENTO DO LENÇOL 24 HORAS POR DIA.
B82: SUB-TOTAL | G82: =SUM(G80:G81) -> 0 | J82: =SUM(J80:J81) -> 0
A83: 3.4 | B83: ESTRUTURAS PV DE ENTRADA
A84: 3.4.1 | B84: =VLOOKUP(C84,'SINAPI OUT19+CPOS176'!$A$2:$C$95560,3, 0) -> LASTRO DE CONCRETO MAGRO, APLICADO EM PISOS OU RADIERS, ESPESSURA DE 5 CM. AF_07/2016 | C84: 95241 | D84: =VLOOKUP(C84,'SINAPI OUT19+CPOS176'!$A$2:$D$95560,4, 0) -> M2 | E84: 2.55 | G84: =ROUND(E84*F84,2) -> 0 | H84: =IF(K84="",$G$9,$G$8) -> 0.2334 | I84: =ROUND(F84*H84+F84,2) -> 0 | J84: =ROUND(E84*I84,2) -> 0
A85: 3.4.2 | B85: =VLOOKUP(C85,'SINAPI OUT19+CPOS176'!$A$2:$C$95560,3, 0) -> EXECUÇÃO E COMPACTAÇÃO DE BASE E OU SUB BASE COM PEDRA RACHÃO - EXCLUSIVE ESCAVAÇÃO, CARGA E TRANSPORTE. AF_09/2017 | C85: 96399 | D85: =VLOOKUP(C85,'SINAPI OUT19+CPOS176'!$A$2:$D$95560,4, 0) -> M3 | E85: =E84*0.5 -> 1.275 | G85: =ROUND(E85*F85,2) -> 0 | H85: =IF(K85="",$G$9,$G$8) -> 0.1785 | I85: =ROUND(F85*H85+F85,2) -> 0 | J85: =ROUND(E85*I85,2) -> 0 | K85: *
A86: 3.4.3 | B86: =VLOOKUP(C86,'SINAPI OUT19+CPOS176'!$A$2:$C$95560,3, 0) -> ANEL DE CONCRETO ARMADO, D = 1,50 M, H = 0,50 M | C86: 12563 | D86: =VLOOKUP(C86,'SINAPI OUT19+CPOS176'!$A$2:$D$95560,4, 0) -> UN | E86: =4.5/0.5 -> 9 | G86: =ROUND(E86*F86,2) -> 0 | H86: =IF(K86="",$G$9,$G$8) -> 0.1785 | I86: =ROUND(F86*H86+F86,2) -> 0 | J86: =ROUND(E86*I86,2) -> 0 | K86: *
A87: 3.4.4 | B87: =VLOOKUP(C87,'SINAPI OUT19+CPOS176'!$A$2:$C$95560,3, 0) -> CONCRETO FCK = 40MPA, TRAÇO 1:1,6:1,9 (CIMENTO/ AREIA MÉDIA/ BRITA 1) - PREPARO MECÂNICO COM BETONEIRA 400 L. AF_07/2016 | C87: 94967 | D87: =VLOOKUP(C87,'SINAPI OUT19+CPOS176'!$A$2:$D$95560,4, 0) -> M3 | E87: =[1]Planilha!$D$20 -> 1.11 | G87: =ROUND(E87*F87,2) -> 0 | H87: =IF(K87="",$G$9,$G$8) -> 0.2334 | I87: =ROUND(F87*H87+F87,2) -> 0 | J87: =ROUND(E87*I87,2) -> 0
A88: 3.4.5 | B88: =VLOOKUP(C88,'SINAPI OUT19+CPOS176'!$A$2:$C$95560,3, 0) -> ARMAÇÃO UTILIZANDO AÇO CA-25 DE 10,0 MM - MONTAGEM. AF_12/2015 | C88: 92884 | D88: =VLOOKUP(C88,'SINAPI OUT19+CPOS176'!$A$2:$D$95560,4, 0) -> KG | E88: =[1]Planilha!$D$19 -> 111.2 | G88: =ROUND(E88*F88,2) -> 0 | H88: =IF(K88="",$G$9,$G$8) -> 0.2334 | I88: =ROUND(F88*H88+F88,2) -> 0 | J88: =ROUND(E88*I88,2) -> 0
A89: 3.4.6 | B89: =VLOOKUP(C89,'SINAPI OUT19+CPOS176'!$A$2:$C$95560,3, 0) -> FABRICAÇÃO, MONTAGEM E DESMONTAGEM DE FORMA PARA RADIER, EM MADEIRA SERRADA, 4 UTILIZAÇÕES. AF_09/2017 | C89: 97086 | D89: =VLOOKUP(C89,'SINAPI OUT19+CPOS176'!$A$2:$D$95560,4, 0) -> M2 | E89: =[1]Planilha!$D$18 -> 2.65 | G89: =ROUND(E89*F89,2) -> 0 | H89: =IF(K89="",$G$9,$G$8) -> 0.2334 | I89: =ROUND(F89*H89+F89,2) -> 0 | J89: =ROUND(E89*I89,2) -> 0
A90: 3.4.7 | B90: =VLOOKUP(C90,'SINAPI OUT19+CPOS176'!$A$2:$C$95560,3, 0) -> IMPERMEABILIZACAO COM PINTURA A BASE DE RESINA EPOXI ALCATRAO, DUAS DEMAOS. | C90: 73872/2 | D90: =VLOOKUP(C90,'SINAPI OUT19+CPOS176'!$A$2:$D$95560,4, 0) -> M2 | E90: =((PI()*(1.5^2))/4)*2+(2*PI()*(1.5/2)*4.77) -> 26.012387 | G90: =ROUND(E90*F90,2) -> 0 | H90: =IF(K90="",$G$9,$G$8) -> 0.2334 | I90: =ROUND(F90*H90+F90,2) -> 0 | J90: =ROUND(E90*I90,2) -> 0 | L90: PAREDES INTERNAS LAJES DE FUNDO E TAMPA
B91: SUB-TOTAL | G91: =SUM(G84:G90) -> 0 | J91: =SUM(J84:J90) -> 0
A92: 3.5 | B92: ESTRUTURAS POÇO DE GRADEAMENTO
A93: 3.5.1 | B93: =VLOOKUP(C93,'SINAPI OUT19+CPOS176'!$A$2:$C$95560,3, 0) -> LASTRO DE CONCRETO MAGRO, APLICADO EM PISOS OU RADIERS, ESPESSURA DE 5 CM. AF_07/2016 | C93: 95241 | D93: =VLOOKUP(C93,'SINAPI OUT19+CPOS176'!$A$2:$D$95560,4, 0) -> M2 | E93: 4.16 | G93: =ROUND(E93*F93,2) -> 0 | H93: =IF(K93="",$G$9,$G$8) -> 0.2334 | I93: =ROUND(F93*H93+F93,2) -> 0 | J93: =ROUND(E93*I93,2) -> 0
A94: 3.4.2 | B94: =VLOOKUP(C94,'SINAPI OUT19+CPOS176'!$A$2:$C$95560,3, 0) -> EXECUÇÃO E COMPACTAÇÃO DE BASE E OU SUB BASE COM PEDRA RACHÃO - EXCLUSIVE ESCAVAÇÃO, CARGA E TRANSPORTE. AF_09/2017 | C94: 96399 | D94: =VLOOKUP(C94,'SINAPI OUT19+CPOS176'!$A$2:$D$95560,4, 0) -> M3 | E94: =E93*0.5 -> 2.08 | G94: =ROUND(E94*F94,2) -> 0 | H94: =IF(K94="",$G$9,$G$8) -> 0.1785 | I94: =ROUND(F94*H94+F94,2) -> 0 | J94: =ROUND(E94*I94,2) -> 0 | K94: *
A95: 3.5.2 | B95: =VLOOKUP(C95,'SINAPI OUT19+CPOS176'!$A$2:$C$95560,3, 0) -> ANEL DE CONCRETO ARMADO, D = 1,50 M, H = 0,50 M | C95: 12563 | D95: =VLOOKUP(C95,'SINAPI OUT19+CPOS176'!$A$2:$D$95560,4, 0) -> UN | E95: =5/0.5 -> 10 | G95: =ROUND(E95*F95,2) -> 0 | H95: =IF(K95="",$G$9,$G$8) -> 0.1785 | I95: =ROUND(F95*H95+F95,2) -> 0 | J95: =ROUND(E95*I95,2) -> 0 | K95: *
A96: 3.5.3 | B96: =VLOOKUP(C96,'SINAPI OUT19+CPOS176'!$A$2:$C$95560,3, 0) -> CONCRETO FCK = 40MPA, TRAÇO 1:1,6:1,9 (CIMENTO/ AREIA MÉDIA/ BRITA 1) - PREPARO MECÂNICO COM BETONEIRA 400 L. AF_07/2016 | C96: 94967 | D96: =VLOOKUP(C96,'SINAPI OUT19+CPOS176'!$A$2:$D$95560,4, 0) -> M3 | E96: =[1]Planilha!$D$15 -> 1.79 | G96: =ROUND(E96*F96,2) -> 0 | H96: =IF(K96="",$G$9,$G$8) -> 0.2334 | I96: =ROUND(F96*H96+F96,2) -> 0 | J96: =ROUND(E96*I96,2) -> 0
A97: 3.5.4 | B97: =VLOOKUP(C97,'SINAPI OUT19+CPOS176'!$A$2:$C$95560,3, 0) -> ARMAÇÃO UTILIZANDO AÇO CA-25 DE 10,0 MM - MONTAGEM. AF_12/2015 | C97: 92884 | D97: =VLOOKUP(C97,'SINAPI OUT19+CPOS176'!$A$2:$D$95560,4, 0) -> KG | E97: =[1]Planilha!$D$14 -> 180.2 | G97: =ROUND(E97*F97,2) -> 0 | H97: =IF(K97="",$G$9,$G$8) -> 0.2334 | I97: =ROUND(F97*H97+F97,2) -> 0 | J97: =ROUND(E97*I97,2) -> 0
A98: 3.5.5 | B98: =VLOOKUP(C98,'SINAPI OUT19+CPOS176'!$A$2:$C$95560,3, 0) -> FABRICAÇÃO, MONTAGEM E DESMONTAGEM DE FORMA PARA RADIER, EM MADEIRA SERRADA, 4 UTILIZAÇÕES. AF_09/2017 | C98: 97086 | D98: =VLOOKUP(C98,'SINAPI OUT19+CPOS176'!$A$2:$D$95560,4, 0) -> M2 | E98: =[1]Planilha!$D$13 -> 3.38 | G98: =ROUND(E98*F98,2) -> 0 | H98: =IF(K98="",$G$9,$G$8) -> 0.2334 | I98: =ROUND(F98*H98+F98,2) -> 0 | J98: =ROUND(E98*I98,2) -> 0
A99: 3.5.6 | B99: =VLOOKUP(C99,'SINAPI OUT19+CPOS176'!$A$2:$C$95560,3, 0) -> IMPERMEABILIZACAO COM PINTURA A BASE DE RESINA EPOXI ALCATRAO, DUAS DEMAOS. | C99: 73872/2 | D99: =VLOOKUP(C99,'SINAPI OUT19+CPOS176'!$A$2:$D$95560,4, 0) -> M2 | E99: =((PI()*(2^2))/4)*2+(2*PI()*(2/2)*4.77) -> 36.253979 | G99: =ROUND(E99*F99,2) -> 0 | H99: =IF(K99="",$G$9,$G$8) -> 0.2334 | I99: =ROUND(F99*H99+F99,2) -> 0 | J99: =ROUND(E99*I99,2) -> 0 | L99: PAREDES INTERNAS LAJES DE FUNDO E TAMPA
B100: SUB-TOTAL | G100: =SUM(G93:G99) -> 0 | J100: =SUM(J93:J99) -> 0 | M100: 11.06
...

Sheet CRONOCRAMA FÍSICO FINANC
A1: CRONOGRAMA FÍSICO-FINANCEIRO - REDES DE INTERLIGAÇÃO E NOVA EEEB PARAÍSO - SERTÃOZINHO/SP
A2: DATA BASE: SINAPI OUT/2019 e CPOS 176 | I2: BDI - MATERIAL | J2: ='planilha EEE ORC. JD PARAÍSO'!$G$8 -> 0.1785
I3: BDI - SERVIÇOS | J3: ='planilha EEE ORC. JD PARAÍSO'!$G$9 -> 0.2334 | N3: =#REF!*2.5% -> #REF!
A4: CRONOGRAMA FISICO-FINANCEIRO
A5: ITEM | B5: DESCRIÇÃO DOS SERVIÇOS | C5: DURAÇÃO (MESES) | E5: TOTAL | F5: MÊS 1 | G5: MÊS 2 | H5: MÊS 3 | I5: MÊS 4 | J5: MÊS 5
A6: 1 | B6: ='planilha EEE ORC. JD PARAÍSO'!B12 -> SERVIÇOS GERAIS
A7: ='planilha EEE ORC. JD PARAÍSO'!A13 -> 1.1 | B7: ='planilha EEE ORC. JD PARAÍSO'!B13 -> GERAL | C7: 5 | D7: Total | E7: ='planilha EEE ORC. JD PARAÍSO'!$J$20 -> 0
F8: =E7/C7 -> 0 | G8: =F8 -> 0 | H8: =G8 -> 0 | I8: =H8 -> 0 | J8: =I8 -> 0
A10: 2 | B10: ='planilha EEE ORC. JD PARAÍSO'!$B$22 -> REDES DE INTERLIGAÇÃO ENTRE O SISTEMA EXISTENTE E A NOVA EEEB
A11: 2.1 | B11: ='planilha EEE ORC. JD PARAÍSO'!$B$23 -> SERVIÇOS PRELIMINARES | C11: 1 | D11: Total | E11: ='planilha EEE ORC. JD PARAÍSO'!$J$30 -> 0
F12: =E11/C11 -> 0
A14: 2.2 | B14: ='planilha EEE ORC. JD PARAÍSO'!$B$31 -> RECONSTITUIÇÃO DE ASFALTO | C14: 2 | D14: Total | E14: ='planilha EEE ORC. JD PARAÍSO'!$J$37 -> 0
F15: =E14/C14 -> 0 | G15: =F15 -> 0
A17: 2.3 | B17: ='planilha EEE ORC. JD PARAÍSO'!$B$38 -> MOVIMENTO DE TERRA | C17: 3 | D17: Total | E17: ='planilha EEE ORC. JD PARAÍSO'!$J$45 -> 0
F18: =E17/C17 -> 0 | G18: =F18 -> 0 | H18: =G18 -> 0
A20: 2.4 | B20: ='planilha EEE ORC. JD PARAÍSO'!$B$46 -> EMBASAMENTO | C20: 2 | D20: Total | E20: ='planilha EEE ORC. JD PARAÍSO'!$J$50 -> 0
G21: =E20/C20 -> 0 | H21: =G21 -> 0
A23: 2.5 | B23: ='planilha EEE ORC. JD PARAÍSO'!$B$51 -> ESCORAMENTO | C23: 2 | D23: Total | E23: ='planilha EEE ORC. JD PARAÍSO'!$J$53 -> 0
G24: =E23/C23 -> 0 | H24: =G24 -> 0
A26: 2.6 | B26: ='planilha EEE ORC. JD PARAÍSO'!$B$54 -> HIDRÁULICA | C26: 2 | D26: Total | E26: ='planilha EEE ORC. JD PARAÍSO'!$J$61 -> 0
G27: =E26/C26 -> 0 | H27: =G27 -> 0
A29: 2.7 | B29: ='planilha EEE ORC. JD PARAÍSO'!$B$62 -> PV's | C29: 2 | D29: Total | E29: ='planilha EEE ORC. JD PARAÍSO'!$J$65 -> 0
G30: =E29/C29 -> 0 | H30: =G30 -> 0
A32: 3 | B32: ='planilha EEE ORC. JD PARAÍSO'!B67 -> ESTAÇÃO ELEVATÓRIA DE ESGOTO BRUTO JARDIM PARAÍSO
A33: 3.1 | B33: ='planilha EEE ORC. JD PARAÍSO'!B68 -> SERVIÇOS PRELIMINARES | C33: 1 | D33: Total | E33: ='planilha EEE ORC. JD PARAÍSO'!$J$71 -> 0
F34: =E33/C33 -> 0
A36: 3.2 | B36: ='planilha EEE ORC. JD PARAÍSO'!B72 -> MOVIMENTO DE TERRA | C36: 2 | D36: Total | E36: ='planilha EEE ORC. JD PARAÍSO'!$J$78 -> 0
F37: =E36/C36 -> 0 | G37: =F37 -> 0
A39: 3.3 | B39: ='planilha EEE ORC. JD PARAÍSO'!B79 -> ESGOTAMENTO | C39: 3 | D39: Total | E39: ='planilha EEE ORC. JD PARAÍSO'!J82 -> 0
F40: =E39/C39 -> 0 | G40: =F40 -> 0 | H40: =G40 -> 0
A42: 3.4 | B42: ='planilha EEE ORC. JD PARAÍSO'!B83 -> ESTRUTURAS PV DE ENTRADA | C42: 2 | D42: Total | E42: ='planilha EEE ORC. JD PARAÍSO'!$J$91 -> 0
G43: =E42/C42 -> 0 | H43: =G43 -> 0
A45: 3.5 | B45: ='planilha EEE ORC. JD PARAÍSO'!B92 -> ESTRUTURAS POÇO DE GRADEAMENTO | C45: 2 | D45: Total | E45: ='planilha EEE ORC. JD PARAÍSO'!$J$100 -> 0
G46: =E45/C45 -> 0 | H46: =G46 -> 0
A48: 3.6 | B48: ='planilha EEE ORC. JD PARAÍSO'!$B$101 -> ESTRUTURAS POÇO DE SUCÇÃO | C48: 2 | D48: Total | E48: ='planilha EEE ORC. JD PARAÍSO'!$J$107 -> 0
G49: =E48/C48 -> 0 | H49: =G49 -> 0
A51: 3.7 | B51: ='planilha EEE ORC. JD PARAÍSO'!$B$108 -> ESTRUTURAS CAIXA DO BARRILETE | C51: 2 | D51: Total | E51: ='planilha EEE ORC. JD PARAÍSO'!$J$115 -> 0
G52: =E51/C51 -> 0 | H52: =G52 -> 0
A54: 3.8 | B54: ='planilha EEE ORC. JD PARAÍSO'!$B$116 -> ESTRUTURAS TANQUE DE ACUMULAÇÃO | C54: 2 | D54: Total | E54: ='planilha EEE ORC. JD PARAÍSO'!$J$122 -> 0
G55: =E54/C54 -> 0 | H55: =G55 -> 0
A57: 3.9 | B57: ='planilha EEE ORC. JD PARAÍSO'!B123 -> EQUIPAMENTOS E SERRALHERIA | C57: 1 | D57: Total | E57: ='planilha EEE ORC. JD PARAÍSO'!$J$138 -> 0
H58: =E57/C57 -> 0
A60: 3.10 | B60: ='planilha EEE ORC. JD PARAÍSO'!B139 -> HIDRÁULICA | C60: 1 | D60: Total | E60: ='planilha EEE ORC. JD PARAÍSO'!$J$181 -> 0
I61: =E60/C60 -> 0
A63: 3.11 | B63: ='planilha EEE ORC. JD PARAÍSO'!B182 -> INSTALAÇÕES ELÉTRICAS | C63: 2 | D63: Total | E63: ='planilha EEE ORC. JD PARAÍSO'!$J$416+'planilha EEE ORC. JD PARAÍSO'!$J$413+'planilha EEE ORC. JD PARAÍSO'!$J$408+'planilha EEE ORC. JD PARAÍSO'!$J$396+'planilha EEE ORC. JD PARAÍSO'!$J$387+'planilha EEE ORC. JD PARAÍSO'!$J$381+'planilha EEE ORC. JD PARAÍSO'!$J$354+'planilha EEE ORC. JD PARAÍSO'!$J$339+'planilha EEE ORC. JD PARAÍSO'!$J$332+'planilha EEE ORC. JD PARAÍSO'!$J$313+'planilha EEE ORC. JD PARAÍSO'!$J$239 -> 0
I64: =E63/C63 -> 0 | J64: =I64 -> 0
A66: 3.12 | B66: ='planilha EEE ORC. JD PARAÍSO'!B417 -> URBANISMO | C66: 1 | D66: Total | E66: ='planilha EEE ORC. JD PARAÍSO'!$J$424 -> 0
J67: =E66/C66 -> 0
A69: 4 | B69: ='planilha EEE ORC. JD PARAÍSO'!$B$426 -> LINHA DE RECALQUE ENTRE A EEEB NOVA E A EEEB ANTIGA
A70: 4.1 | B70: ='planilha EEE ORC. JD PARAÍSO'!$B$427 -> EMBASAMENTO | C70: 1 | D70: Total | E70: ='planilha EEE ORC. JD PARAÍSO'!$J$429 -> 0
I71: =E70/C70 -> 0
A73: 4.2 | B73: ='planilha EEE ORC. JD PARAÍSO'!$B$430 -> HIDRÁULICA | C73: 2 | D73: Total | E73: ='planilha EEE ORC. JD PARAÍSO'!$J$433 -> 0
I74: =E73/C73 -> 0 | J74: =I74 -> 0
C77: SOMA MENSAL | D77: Convenente | F77: =SUM(F7:F75) -> 0 | G77: =SUM(G7:G75) -> 0 | H77: =SUM(H7:H75) -> 0 | I77: =SUM(I7:I75) -> 0 | J77: =SUM(J7:J75) -> 0
C78: SOMA TOTAL | D78: Concedente | F78: =F77 -> 0 | G78: =G77+F78 -> 0 | H78: =H77+G78 -> 0 | I78: =I77+H78 -> 0 | J78: =J77+I78 -> 0
W79: =SUM(P77:P78) -> 0
B81: Prefeitura Municipal de Sertãozinho | G81: ENG Consultoria e Projetos Ltda.
G82: Pedro Ivo de Almeida Santos
G83: CREA: 5061115668 ART: 92221220161202749

Sheet SINAPI OUT19+CPOS176
C2: CPOS - COMPANHIA PAULISTA DE OBRAS E SERVIÇOS
C3: RELATÓRIO DE INSUMOS
E4: VERSÃO 176
E5: Vigência: a partir de 01/07/19
A7: Referência | C7: Descrição do Insumo | D7: Unidade | E7: Custo (R$)
A8: A.02.000.070107 | C8: Impressão colorida em papel sulfite A4 | D8: un | E8: 1.48
A9: A.02.000.070108 | C9: Encadernação espiral até 100 folhas | D9: un | E9: 5.08
A10: A.03.000.022111 | C10: Taxa de mobilização e desmobilização de equipamentos para execução de estacas escavadas com injeção ou microestaca | D10: tx | E10: 14145.33
A11: A.04.000.098083 | C11: Taxa de mobilização e desmobilização de equipamentos para execução de rebaixamento de lençol freático | D11: tx | E11: 6106.65
A12: A.04.000.098084 | C12: Locação de conjunto de bombeamento a vácuo para rebaixamento de lençol freático, com até 50 ponteiras e potência até 15HP mínimo 30 dias | D12: cjxdia | E12: 559.01
A13: A.04.000.098085 | C13: Ponteiras filtrantes até 5,0m instaladas | D13: un | E13: 346.03
A14: A.05.000.020299 | C14: Taxa de destinação de residuo sólido em aterro; tipo inerte | D14: t | E14: 33.53
A15: A.05.000.020300 | C15: Taxa de destinação de residuo sólido em aterro, tipo gesso | D15: t | E15: 66.21
A16: A.05.000.020301 | C16: Taxa de destinação de residuo sólido em aterro, tipo vidro | D16: t | E16: 44.23
A17: A.05.000.020302 | C17: Taxa de destinação de residuo sólido em aterro, tipo madeira | D17: t | E17: 81.36
A18: A.05.000.020303 | C18: Taxa de destinação de residuo sólido em aterro, tipo papel | D18: t | E18: 23.33
A19: A.05.000.020304 | C19: Taxa de destinação de residuo sólido em aterro, tipo plástico | D19: t | E19: 16.67
... A3602: S.06.000.011702 | C3602: Escoramento com estacas pranchas metálicas - profundidade até 8,00 m | D3602: m² | E3602: 154.12
C3608: CPOS - COMPANHIA PAULISTA DE OBRAS E SERVIÇOS
C3609: BOLETIM REFERENCIAL DE CUSTOS - TABELA DE SERVIÇOS
C3614: BOLETIM REFERENCIAL DE CUSTOS - TABELA DE SERVIÇOS
C3615: COM DESONERAÇÃO (DESONERADO)
E3616: VERSÃO 176
E3617: Vigência: a partir de 01/07/19
D3618: BDI : 0,00 % | E3618: L.S.: 96,21 %
A3619: Referência | B3619: Descrição | D3619: Un | E3619: Custo Total
A3620: 01 | B3620: SERVIÇO TÉCNICO ESPECIALIZADO
A3621: 01.02 | B3621: Parecer técnico
A3622: 01.02.071 | C3622: Parecer técnico de fundações, contenções e recomendações gerais, para empreendimentos com área construída até 1.000 m² | D3622: un | E3622: 4023.38
A3623: 01.02.081 | C3623: Parecer técnico de fundações, contenções e recomendações gerais, para empreendimentos com área construída de 1.001 a 2.000 m² | D3623: un | E3623: 5350.31
A3624: 01.02.091 | C3624: Parecer técnico de fundações, contenções e recomendações gerais, para empreendimentos com área construída de 2.001 a 5.000 m² | D3624: un | E3624: 9139.52
A3625: 01.02.101 | C3625: Parecer técnico de fundações, contenções e recomendações gerais, para empreendimentos com área construída de 5.001 a 10.000 m² | D3625: un | E3625: 12531.36
A3626: 01.02.111 | C3626: Parecer técnico de fundações, contenções e recomendações gerais, para empreendimentos com área construída acima de 10.000 m² | D3626: un | E3626: 14603.35
A3627: 01.06 | B3627: Projeto de instalações elétricas
A3628: 01.06.021 | C3628: Elaboração de projeto de adequação de entrada de energia elétrica junto a concessionária, com medição em baixa tensão e demanda até 75 KVA | D3628: un | E3628: 4864.24
A3629: 01.06.031 | C3629: Elaboração de projeto de adequação de entrada de energia elétrica junto a concessionária, com medição em média tensão, subestação simplificada e demanda de 75 kVA a 300 kVA | D3629: un | E3629: 8225.96
A3630: 01.06.032 | C3630: Elaboração de projeto de adequação de entrada de energia elétrica junto a concessionária, com medição em média tensão e demanda de 75 kVA a 300 kVA | D3630: un | E3630: 11142.56
A3631: 01.06.041 | C3631: Elaboração de projeto de adequação de entrada de energia elétrica junto a concessionária, com medição em média tensão e demanda acima de 300 kVA a 2 MVA | D3631: un | E3631: 14828.4
A3632: 01.17 | B3632: Projeto executivo
A3633: 01.17.031 | C3633: Projeto executivo de arquitetura em formato A1 | D3633: un | E3633: 2001.29
A3634: 01.17.041 | C3634: Projeto executivo de arquitetura em formato A0 | D3634: un | E3634: 2711.38
A3635: 01.17.051 | C3635: Projeto executivo de estrutura em formato A1 | D3635: un | E3635: 1463.54
A3636: 01.17.061 | C3636: Projeto executivo de estrutura em formato A0 | D3636: un | E3636: 2006.64
A3637: 01.17.071 | C3637: Projeto executivo de instalações hidráulicas em formato A1 | D3637: un | E3637: 629.5
A3638: 01.17.081 | C3638: Projeto executivo de instalações hidráulicas em formato A0 | D3638: un | E3638: 837.49
A3639: 01.17.111 | C3639: Projeto executivo de instalações elétricas em formato A1 | D3639: un | E3639: 677.73
A3640: 01.17.121 | C3640: Projeto executivo de instalações elétricas em formato A0 | D3640: un | E3640: 935.9
A3641: 01.17.151 | C3641: Projeto executivo de climatização em formato A1 | D3641: un | E3641: 1306.38
A3642: 01.17.161 | C3642: Projeto executivo de climatização em formato A0 | D3642: un | E3642: 1774.87
A3643: 01.17.171 | C3643: Projeto executivo de chuveiros automáticos em formato A1 | D3643: un | E3643: 1132.93
A3644: 01.17.181 | C3644: Projeto executivo de chuveiros automáticos em formato A0 | D3644: un | E3644: 1460.18
A3645: 01.20 | B3645: Levantamento topográfico e geofísico
A3646: 01.20.010 | C3646: Taxa de mobilização e desmobilização de equipamentos para execução de levantamento topográfico | D3646: tx | E3646: 1158.08
A3647: 01.20.691 | C3647: Levantamento planimétrico cadastral com áreas ocupadas predominantemente por comunidades - área até 20.000 m² (mínimo de 3.500 m²) | D3647: m² | E3647: 0.67
A3648: 01.20.701 | C3648: Levantamento planimétrico cadastral com áreas ocupadas predominantemente por comunidades - área acima de 20.000 m² até 200.000 m² | D3648: m² | E3648: 0.53
A3649: 01.20.711 | C3649: Levantamento planimétrico cadastral com áreas ocupadas predominantemente por comunidades - área acima de 200.000 m² | D3649: m² | E3649: 0.43
A3650: 01.20.721 | C3650: Levantamento planimétrico cadastral com áreas até 50% de ocupação - área até 20.000 m² (mínimo de 3.500 m²) | D3650: m² | E3650: 0.58
A3651: 01.20.731 | C3651: Levantamento planimétrico cadastral com áreas até 50% de ocupação - área acima de 20.000 m² até 200.000 m² | D3651: m² | E3651: 0.46
A3652: 01.20.741 | C3652: Levantamento planimétrico cadastral com áreas até 50% de ocupação - área acima de 200.000 m² | D3652: m² | E3652: 0.36
A3653: 01.20.751 | C3653: Levantamento planimétrico cadastral com áreas acima de 50% de ocupação - área até 20.000 m² (mínimo de 4.000 m²) | D3653: m² | E3653: 0.53
A3654: 01.20.761 | C3654: Levantamento planimétrico cadastral com áreas acima de 50% de ocupação - área acima de 20.000 m² até 200.000 m² | D3654: m² | E3654: 0.45
A3655: 01.20.771 | C3655: Levantamento planimétrico cadastral com áreas acima de 50% de ocupação - área acima de 200.000 m² | D3655: m² | E3655: 0.43
A3656: 01.20.781 | C3656: Levantamento planialtimétrico cadastral com áreas ocupadas predominantemente por comunidades - área até 20.000 m² (mínimo de 3.500 m²) | D3656: m² | E3656: 0.72
A3657: 01.20.791 | C3657: Levantamento planialtimétrico cadastral com áreas ocupadas predominantemente por comunidades - área acima de 20.000 m² até 200.000 m² | D3657: m² | E3657: 0.56
... A3670: 01.20.921 | C3670: Implantação de marcos atraves de levantamento com GPS (mínimo de 3 marcos) | D3670: un | E3670: 885.64
A3671: 01.21 | B3671: Estudo geotécnico (sondagem)
A3672: 01.21.010 | C3672: Taxa de mobilização e desmobilização de equipamentos para execução de sondagem | D3672: tx | E3672: 971.46
A3673: 01.21.090 | C3673: Taxa de mobilização e desmobilização de equipamentos para execução de sondagem rotativa | D3673: tx | E3673: 4622.49
A3674: 01.21.100 | C3674: Sondagem do terreno a trado | D3674: m | E3674: 85.79
A3675: 01.21.110 | C3675: Sondagem do terreno à percussão (mínimo de 30 m) | D3675: m | E3675: 102.01
A3676: 01.21.120 | C3676: Sondagem do terreno rotativa em solo | D3676: m | E3676: 313.46
A3677: 01.21.130 | C3677: Sondagem do terreno rotativa em rocha | D3677: m | E3677: 1052.15
A3678: 01.21.140 | C3678: Sondagem do terreno à percussão com a utilização de torquímetro (mínimo de 30 m) | D3678: m | E3678: 99.08
A3679: 01.23 | B3679: Tratamento, recuperação e trabalhos especiais em concreto
A3680: 01.23.010 | C3680: Taxa de mobilização e desmobilização de equipamentos para execução de corte em concreto armado | D3680: tx | E3680: 360.24
A3681: 01.23.020 | C3681: Limpeza de armadura com escova de aço | D3681: m² | E3681: 5.95
A3682: 01.23.030 | C3682: Preparo de ponte de aderência com adesivo a base de epóxi | D3682: m² | E3682: 115.42
A3683: 01.23.040 | C3683: Tratamento de armadura com produto anticorrosivo a base de zinco | D3683: m² | E3683: 39.41
A3684: 01.23.060 | C3684: Corte de concreto deteriorado inclusive remoção dos detritos | D3684: m² | E3684: 20.25
A3685: 01.23.070 | C3685: Demarcação de área com disco de corte diamantado | D3685: m | E3685: 3.67
A3686: 01.23.100 | C3686: Demolição de concreto armado com preservação de armadura, para reforço e recuperação estrutural | D3686: m³ | E3686: 305.64
A3687: 01.23.140 | C3687: Furação de 1 1/4" em concreto armado | D3687: m | E3687: 165.01
A3688: 01.23.150 | C3688: Furação de 1 1/2" em concreto armado | D3688: m | E3688: 164.97
A3689: 01.23.160 | C3689: Furação de 2 1/4" em concreto armado | D3689: m | E3689: 196.99
A3690: 01.23.190 | C3690: Furação de 2 1/2" em concreto armado | D3690: m | E3690: 194.68
A3691: 01.23.200 | C3691: Taxa de mobilização e desmobilização de equipamentos para execução de perfuração em concreto | D3691: tx | E3691: 158.15
... A3712: 01.23.702 | C3712: Fibra de carbono para reforço estrutural de alta resistencia - 300 g/m² | D3712: m² | E3712: 483.48
A3713: 01.27 | B3713: Estudo e programa ambientais
A3714: 01.27.011 | C3714: Projeto e implementação de gerenciamento integrado de resíduos sólidos e gestão de perdas | D3714: un | E3714: 6007.35
A3715: 01.27.021 | C3715: Projeto e implementação de educação ambiental | D3715: un | E3715: 7876.16
A3716: 01.27.031 | C3716: Projeto e implementação de controle ambiental da obra | D3716: un | E3716: 6925.7
A3717: 01.27.041 | C3717: Laudo de caracterização de vegetação | D3717: un | E3717: 16758.11
A3718: 01.27.051 | C3718: Laudo de caracterização da fauna associada à flora | D3718: un | E3718: 25463.88
A3719: 01.27.061 | C3719: Projeto e implementação de monitoramento da fauna durante a obra | D3719: un | E3719: 10249.84
A3720: 01.27.071 | C3720: Laudo de autodepuração | D3720: un | E3720: 12116.94
A3721: 01.27.091 | C3721: Estudo de impacto de vizinhança, em área urbana até 10.000 m² | D3721: un | E3721: 19265.92
A3722: 01.28 | B3722: Poço profundo
A3723: 01.28.010 | C3723: Taxa de mobilização e desmobilização de equipamentos para execução de perfuração para poço profundo - profundidade até 200 m | D3723: tx | E3723: 7499.51
A3724: 01.28.020 | C3724: Taxa de mobilização e desmobilização de equipamentos para execução de perfuração para poço profundo - profundidade acima de 200 m e até 300 m | D3724: tx | E3724: 10648.21
A3725: 01.28.030 | C3725: Taxa de mobilização e desmobilização de equipamentos para execução de perfuração para poço profundo - profundidade acima de 300 m | D3725: tx | E3725: 14572.99
...
